 Dungeon Crawl Stone Soup version 0.30-a0-883-g5ad918d77d (webtiles) character file.

Game seed: 11131159644672405936

114 Zeldest the Grasshopper (level 4, -2/37 HPs)
             Began as a Barachi Warper on Mar 15, 2023.
             Splashed by a jelly's acid (7 damage)
             ... on level 3 of the Dungeon.
             The game lasted 00:05:29 (2428 turns).

Zeldest the Grasshopper (Barachi Warper)            Turns: 2428, Time: 00:05:30

Health: -2/37      AC:  0    Str: 12    XL:     4   Next: 98%
Magic:  7/7        EV: 11    Int: 13    God:
Gold:   96         SH:  0    Dex: 14    Spells: 5/7 levels left

rFire   . . .      SeeInvis .    a - +0 falchion
rCold   . . .      Faith    .    (no shield)
rNeg    . . .      Spirit   .    i - +0 ring mail
rPois   .          Reflect  .    n - +2 helmet
rElec   .          Rampage  .    (no cloak)
rCorr   .                        (no gloves)
Will    .....                    (no boots)
Stlth   +                        (no amulet)
HPRegen 0.26/turn                (no ring)
MPRegen 0.10/turn                (no ring)

@: corroded, slow
A: amphibious, slowness 1, strong legs 1, +LOS
a: Hop


You were on level 3 of the Dungeon.
You visited 1 branch of the dungeon, and saw 4 of its levels.

You collected 96 gold pieces.

Inventory:

Hand Weapons
 a - a +0 falchion (weapon)
Missiles
 d - 7 boomerangs of dispersal (quivered)
Armour
 b - a +0 leather armour
 i - a +0 ring mail (worn)
 n - a +2 helmet (worn)
Scrolls
 c - a scroll of blinking
 e - a scroll of torment {unknown}
 f - 2 scrolls of teleportation {unknown}
 g - 4 scrolls of identify {unknown}
 k - a scroll of enchant weapon {unknown}
 p - 2 scrolls of magic mapping {unknown}
 q - 2 scrolls of noise {unknown}
 s - a scroll of silence {unknown}
 t - a scroll of amnesia {unknown}
Potions
 h - a potion of brilliance {unknown}
 j - 2 potions of cancellation {unknown}
 l - 2 potions of degeneration {unknown}
 m - a potion of mutation {unknown}
 o - a potion of curing {unknown}
 r - a potion of ambrosia {unknown}


   Skills:
 + Level 3.7 Fighting
 + Level 3.8 Long Blades
 - Level 1.0 Throwing
 - Level 1.2 Armour
 - Level 2.1 Dodging
 + Level 2.3 Spellcasting
 + Level 0.6 Conjurations
 - Level 4.0 Translocations
 * Level 1.2 Air Magic


You had 5 spell levels left.
You knew the following spells:

 Your Spells              Type           Power      Damage    Failure   Level
a - Blink                 Tloc           24%        N/A       16%         2

Your spell library contained the following spells:

 Spells                   Type           Power      Damage    Failure   Level
 Lesser Beckoning         Tloc           24%        N/A       16%         2
 Teleport Other           Tloc           12%        N/A       30%         3
 Static Discharge         Conj/Air       6%         2-3/arc   50%         2
 Vhi's Electric Charge    Tloc/Air       16%        N/A       50%         3
 Manifold Assault         Tloc           12%        N/A       71%         4
 Arcjolt                  Conj/Air       1%         1d11      100%        5
 Lightning Bolt           Conj/Air       1%         1d12      100%        5


Dungeon Overview and Level Annotations

Branches:
Dungeon (4/15)
 Temple: D:4-7

Altars:


Innate Abilities, Weirdness & Mutations

You are amphibious.
You cover ground slowly.
You can hop short distances.
You have an extended range of vision and can be seen from far away.


Message History

You hit the bat.
You kill the bat!
No target in view!
No target in view!
You see here a bat corpse.
t - a scroll labelled MOXZEXT FACSO The jelly quivers.
A jelly is nearby!
You hit the jelly.
Your hands burn!
The jelly is lightly wounded.
The jelly barely misses you.
You hit the jelly.
Your hands burn!
The jelly is lightly wounded.
The jelly hits you but does no damage.
You hit the jelly.
Your hands burn!
The jelly is moderately wounded.
The jelly hits you but does no damage.
You hit the jelly but do no damage.
Your hands burn!
The jelly is moderately wounded.
The jelly closely misses you.
You hit the jelly.
Your hands burn!
The jelly is moderately wounded.
The jelly barely misses you.
You hit the jelly.
Your hands burn!
The jelly is heavily wounded.
The jelly hits you but does no damage.
You hit the jelly.
Your hands burn!
The jelly is heavily wounded.
The jelly hits you but does no damage.
You hit the jelly. The acid corrodes you!
Your hands burn!
* * * LOW HITPOINT WARNING * * *
The jelly is heavily wounded.
The jelly closely misses you.
You hit the jelly.
Your hands burn!
* * * LOW HITPOINT WARNING * * *
The jelly is heavily wounded.
The jelly hits you.
* * * LOW HITPOINT WARNING * * *
The acid corrodes you!
You are splashed with acid!
You die...

#.## ##.....#
#..## ##.......
##...####........
##................
#.....####........
#.##.## ##.......
#.#### ##.....#
#.# ##...## #@#
##.## #J# .# #..
.# #..# .#.# # #.
. ##


You could see a jelly.

Vanquished Creatures
  A howler monkey (D:3)
  An adder (D:2)
  3 worms (D:2)
  4 dart slugs
  4 endoplasms
  A giant cockroach (D:3)
  5 goblins
  3 hobgoblins
  8 kobolds
  A quokka (D:3)
  4 ball pythons
  6 bats
  4 frilled lizards
  6 rats
51 creatures vanquished.

Notes
Turn   | Place    | Note
-------+----------+-------------------------------------------
     0 | D:1      | Zeldest the Barachi Warper began the quest for the Orb.
     0 | D:1      | Reached XP level 1. HP: 17/17 MP: 3/3
   126 | D:1      | Reached XP level 2. HP: 19/23 MP: 5/5
   348 | D:1      | Learned a level 2 spell: Blink
   554 | D:1      | Reached XP level 3. HP: 29/29 MP: 6/6
  1398 | D:2      | Reached skill level 4 in Translocations
  1521 | D:2      | Reached XP level 4. HP: 25/35 MP: 7/7
  1583 | D:2      | You fall into a shaft and drop 2 floors!
  1590 | D:4      | Noticed a scorpion
  1960 | D:3      | Reached skill level 1 in Air Magic
  2428 | D:3      | Splashed by a jelly's acid

Illustrated notes

Levels and vault maps discovered:
D:1:      spicycebolla_green_bress_n_ham_2, layout_basic
D:2:      layout_loops_ring, nicolae_ecumenical_snake_handling, uniq_natasha,
          uniq_terence, uniq_robin
D:3:      layout_loops_corners, kennysheep_generic_room_9
D:4:      layout_loops_ring, nicolae_wu_jian_wuxing_cycle

Skill      XL: |  1  2  3  4 |
---------------+-------------+-----
Fighting       | 3 |  3.7
Long Blades    | 3 |  3.8
Translocations | 4 |  4.0
Air Magic      | 1 |  1.2
Throwing       | |  1.0
Armour         | |  1.2
Dodging        | |  2.1
Spellcasting   | |  2.3
Conjurations   | |  0.6

Action                     |  1- 3 |  4- 6 || total
---------------------------+-------+-------++-------
  Melee: Falchion          |   126 |    79 ||   205
         Punch             |     1 |       ||     1
   Cast: Blink             |       |     1 ||     1
Ability: Hop               |     1 |     2 ||     3
   Stab: Sleeping          |     1 |       ||     1
 Armour: Leather armour    |    27 |       ||    27
         Ring mail         |     9 |    72 ||    81
  Dodge: Dodged            |    55 |   117 ||   172

Table legend: (Time is in decaauts)
 A = Elapsed time spent in this place.
 B = Non-inter-level travel time spent in this place.
 C = Inter-level travel time spent in this place.
 D = Time resting spent in this place.
 E = Time spent auto-exploring this place.
 F = Levels seen in this place.
 G = Mean time per level.
                   A        B        C        D        E       F      G
               +--------+--------+--------+--------+--------+-----+--------+
         Total |   2787 |   2673 |    114 |    480 |   1518 |   4 |  696.8 |
       Dungeon |   2787 |   2673 |    114 |    480 |   1518 |   4 |  696.8 |
               +--------+--------+--------+--------+--------+-----+--------+

Top non-repeatable levels by time:
     D:1: 1156 daAuts
     D:3: 958 daAuts
     D:2: 646 daAuts
     D:4: 25 daAuts
